 Dungeon Crawl Stone Soup version 0.21.1-1-g345015fe64 (webtiles) character file.

2802 Delanovic the Archer (level 9, -12/67 HPs)
             Began as a Demonspawn Wanderer on May 27, 2018.
             Was a Believer of Okawaru.
             Mangled by a two-headed ogre
             ... wielding a +0 dire flail
              (25 damage)
             ... on level 7 of the Dungeon.
             The game lasted 00:29:43 (9662 turns).

Delanovic the Archer (Demonspawn Wanderer)          Turns: 9662, Time: 00:29:43

Health: -12/67     AC:  5    Str: 12    XL:     9   Next: 44%
Magic:  14/14      EV: 12    Int: 11    God:    Okawaru [**....]
Gold:   263        SH:  0    Dex: 19    Spells: 8/8 levels left

rFire    . . .     SeeInvis .   b - +1 short sword (freeze)
rCold    . . .     Gourm    .   (no shield)
rNeg     + . .     Faith    .   e - +0 ring mail
rPois    .         Spirit   .   (helmet restricted)
rElec    +         Reflect  .   (no cloak)
rCorr    .         Harm     .   (no gloves)
MR       +....                  (no boots)
Stlth    ++........             (no amulet)
HPRegen  0.21/turn              g - ring of protection from magic
MPRegen  0.14/turn              j - ring of positive energy

@: hasted, very quick
A: claws 2, hooves 1, horns 1, camouflage 1, demonic guardian 1, electricity
resistance, spiny 1, MP-powered wands
a: Heroism, Renounce Religion


You were on level 7 of the Dungeon.
You worshipped Okawaru.
Okawaru was pleased with you.
You were not hungry.

You visited 2 branches of the dungeon, and saw 9 of its levels.

You collected 263 gold pieces.

Inventory:

Hand Weapons
 a - a +0 shortbow
 b - a +1 short sword of freezing (weapon)
 h - a +2 falchion of protection
 t - a -1 whip
Missiles
 s - 32 arrows
Armour
 e - a +0 ring mail (worn)
Jewellery
 g - a ring of protection from magic (left claw)
 i - an uncursed ring of fire
 j - a ring of positive energy (right claw)
 p - an uncursed ring of flight
Wands
 r - a wand of iceblast (4)
 u - a wand of enslavement (16)
Scrolls
 c - 2 scrolls of remove curse
 d - a scroll of fear {unknown}
 k - 2 scrolls of teleportation
 m - a scroll of enchant armour {unknown}
 o - 6 scrolls of identify
 w - a scroll of magic mapping
Potions
 l - a potion of degeneration {unknown}
 n - 3 potions of flight
 q - a potion of resistance {unknown}
Comestibles
 f - 11 rations


   Skills:
 - Level 4.8 Fighting
 + Level 8.7 Bows
 - Level 3.6 Armour
 - Level 3.2 Dodging
 - Level 1.0 Stealth
   Level 1.0 Shields
 - Level 1.0 Unarmed Combat
 + Level 6.8 Evocations


You had 8 spell levels left.
You didn't know any spells.

Dungeon Overview and Level Annotations

Branches:
Dungeon (8/15)             Temple (1/1) D:6
   Lair: D:8-11

Altars:
Ashenzari
Elyvilon
Fedhas
Gozag
Hepliaklqana
Kikubaaqudgha
Nemelex Xobeh
Okawaru
Ru
Sif Muna
Trog
Uskayaw
Vehumet
Wu Jian
Xom
Yredelemnul
Zin
The Shining One

Shops:
D:7 %


Innate Abilities, Weirdness & Mutations

You have very sharp fingernails.
You have large cloven feet.
You have a pair of small horns on your head.
A weak demonic guardian rushes to your aid.
You are partially covered in sharp spines.
Your skin changes colour to match your surroundings (Stealth+).
You are resistant to electric shocks. (rElec)
You expend magic power (3 MP) to strengthen your wands.


Message History

You hit the worker ant. You freeze the worker ant.
You kill the worker ant!
Okawaru accepts your kill.
There is a stone staircase leading up here.
The two-headed ogre is struck by your spines.
The two-headed ogre closely misses you.
The two-headed ogre hits you with a giant club!
There is a stone staircase leading up, spattered with blood here.
You climb upwards.
Your summoned ally is left behind.
There is a stone staircase leading down here.
You see here a stone.
The two-headed ogre is struck by your spines.
The two-headed ogre barely misses you.
The two-headed ogre hits you with a giant club!!
* * * LOW HITPOINT WARNING * * *
You feel yourself speed up.
The two-headed ogre is struck by your spines.
The two-headed ogre closely misses you.
The two-headed ogre hits you with a giant club!!
You die...

##################
.............(.O>#
.###.#######'#.(@# .#
#.#.....#∩#...# .#
#.#.#######...############# .#
#....# #......'...........#
.#####..####.#...###########.#
..|..........#...# #.#
.#############...# ### #.#
.##.......## #...# #.###.#
.##........# #...# #...#.#


You could see a two-headed ogre.

Vanquished Creatures
  Grinder (D:3)
  Sigmund (D:2)
  Duvessa (D:7)
  2 orc warriors (D:6)
  A necrophage (D:6)
  A sky beast (D:7)
  3 ogres
  The ghost of Ortega the Charmwright, an amateur GnSk of Vehumet (D:3)
  2 bullfrogs
  4 killer bees (D:7)
  3 wights (D:6)
  2 howler monkeys
  2 crimson imps
  A centaur zombie (D:7)
  2 hounds (D:7)
  2 centaur skeletons (D:4)
  An orc priest (D:6)
  Jessica (D:2)
  4 iguanas
  5 orc wizards (D:6)
  Ijyb (D:3)
  Terence (D:3)
  Natasha (thrice) (D:2)
  3 worker ants
  Robin (D:1)
  A howler monkey zombie (D:5)
  10 adders
  An ooze (D:4)
  3 adder skeletons
  3 worms
  2 dart slugs
  4 leopard geckos
  18 orcs
  3 giant cockroaches
  9 goblins
  10 hobgoblins
  13 jackals
  8 kobolds
  3 quokkas
  A ball python (D:3)
  12 bats
  4 frilled lizards
  A jackal skeleton (D:7)
  A leopard gecko skeleton (D:4)
  A quokka skeleton (D:5)
  7 rats
  A spectral orc (D:3)
165 creatures vanquished.

Vanquished Creatures (collateral kills)
  The ghost of Tali the Chopper, an amateur MiFi (D:4)
  Dowan (D:7)
  A wight (D:6)
  A worker ant (D:6)
  An orc (D:6)
  A quokka (D:2)
6 creatures vanquished.

Vanquished Creatures (others)
  5 toadstools (D:1)
5 creatures vanquished.

Grand Total: 176 creatures vanquished

Notes
Turn   | Place    | Note
-------+----------+-------------------------------------------
     0 | D:1      | Delanovic the Demonspawn Wanderer began the quest for the Orb.
     0 | D:1      | Delanovic set off with: a potion of berserk rage, a potion of heal wounds, a +0 shortbow, 25 arrows, a +0 ring mail, a ration
     0 | D:1      | Reached XP level 1. HP: 18/18 MP: 1/1
     9 | D:1      | Reached skill level 1 in Bows
    39 | D:1      | Gained mutation: You have a pair of small horns on your head. [demonic ancestry]
    39 | D:1      | Reached XP level 2. HP: 24/24 MP: 2/2
   151 | D:1      | Reached skill level 2 in Bows
   389 | D:1      | Gained mutation: You have sharp fingernails. [demonic ancestry]
   389 | D:1      | Reached XP level 3. HP: 29/29 MP: 3/3
   578 | D:2      | Noticed Robin
   590 | D:1      | Killed Robin
   991 | D:1      | Reached skill level 3 in Bows
  1487 | D:2      | Noticed Sigmund
  1497 | D:2      | Killed Sigmund
  1497 | D:2      | Reached skill level 5 in Bows
  1497 | D:2      | Gained mutation: You are partially covered in sharp spines. [demonic ancestry]
  1497 | D:2      | Reached XP level 4. HP: 22/35 MP: 4/4
  1497 | D:2      | Gained mutation: A weak demonic guardian rushes to your aid. [demonic ancestry]
  1497 | D:2      | Reached XP level 5. HP: 26/41 MP: 5/5
  1710 | D:2      | Noticed Jessica
  1711 | D:2      | Noticed Natasha
  1717 | D:2      | Killed Jessica
  1719 | D:2      | Gained mutation: You are frail. (-10% HP) [potion of mutation]
  1719 | D:2      | Gained mutation: Your spells are a little harder to cast, but a little more powerful. [potion of mutation]
  1724 | D:2      | Killed Natasha
  1974 | D:2      | Reached XP level 6. HP: 42/42 MP: 6/6
  1992 | D:2      | Noticed Natasha
  2004 | D:2      | Killed Natasha
  2288 | D:2      | Lost mutation: You are frail. (-10% HP) [potion of mutation]
  2288 | D:2      | Lost mutation: Your spells are a little harder to cast, but a little more powerful. [potion of mutation]
  2288 | D:2      | Gained mutation: You expend magic power (3 MP) to strengthen your wands. [potion of mutation]
  2288 | D:2      | Gained mutation: You are resistant to electric shocks. (rElec) [potion of mutation]
  2288 | D:2      | Gained mutation: Your skin changes colour to match your surroundings (Stealth+). [potion of mutation]
  2505 | D:2      | Noticed Natasha
  2516 | D:2      | Killed Natasha
  2661 | D:3      | Noticed Ortega's ghost (amateur GnSk)
  2682 | D:3      | Killed Ortega's ghost
  2682 | D:3      | Reached skill level 6 in Bows
  2822 | D:3      | Noticed Terence
  2906 | D:3      | Found a basalt altar of Yredelemnul.
  2974 | D:3      | Killed Terence
  3023 | D:3      | Noticed Ijyb
  3063 | D:3      | Killed Ijyb
  3063 | D:3      | Reached skill level 1 in Dodging
  3664 | D:3      | Noticed Grinder
  3682 | D:3      | Killed Grinder
  3682 | D:3      | Gained mutation: You have large cloven feet. [demonic ancestry]
  3682 | D:3      | Reached XP level 7. HP: 19/54 MP: 7/7
  4521 | D:4      | Noticed Tali's ghost (amateur MiFi)
  4563 | D:4      | Killed Tali's ghost
  5023 | D:4      | Gained mutation: You have very sharp fingernails. [demonic ancestry]
  5023 | D:4      | Reached XP level 8. HP: 61/61 MP: 9/9
  5079 | D:4      | Found a shimmering altar of Xom.
  5395 | D:5      | Entered Level 5 of the Dungeon
  6055 | D:6      | Found a glowing golden altar of the Shining One.
  6149 | D:6      | Reached skill level 7 in Bows
  6429 | D:6      | Found a staircase to the Ecumenical Temple.
  6461 | Temple   | Entered the Ecumenical Temple
  6604 | Temple   | Became a worshipper of Warmaster Okawaru
  7303 | D:6      | Reached skill level 5 in Evocations
  7521 | D:6      | Reached * piety under Okawaru
  7539 | D:6      | Reached XP level 9. HP: 36/67 MP: 13/13
  7739 | D:6      | Found a radiant altar of Vehumet.
  7794 | D:6      | Found a hazy altar of Hepliaklqana.
  7971 | D:6      | Found a deep blue altar of Sif Muna.
  8113 | D:7      | Found Jopistis's Food Boutique.
  8189 | D:7      | Reached skill level 8 in Bows
  8255 | D:7      | Found an opulent altar of Gozag.
  8299 | D:7      | Noticed Duvessa
  8332 | D:7      | Killed Duvessa
  8549 | D:7      | Noticed Dowan
  8564 | D:7      | Killed Dowan
  8791 | D:7      | Found a sparkling altar of Nemelex Xobeh.
  9231 | D:7      | Reached ** piety under Okawaru
  9437 | D:8      | Noticed a two-headed ogre
  9662 | D:7      | Mangled by a two-headed ogre

Skill      XL: |  1  2  3  4  5  6  7  8  9 |
---------------+----------------------------+-----
Bows           | 1 2 5 6 7 8 |  8.7
Dodging        | 2 3 |  3.2
Fighting       | 4 |  4.8
Evocations     | 2 5 6 |  6.8
Armour         | |  3.6
Stealth        | |  1.0
Shields        | |  1.0
Unarmed Combat | |  1.0

Action                   |  1- 3 |  4- 6 |  7- 9 || total
-------------------------+-------+-------+-------++-------
Melee: Whip              |    78 |   126 |    29 ||   233
       Headbutt          |     9 |    25 |    18 ||    52
       Punch             |       |     1 |       ||     1
       Kick              |       |       |    33 ||    33
       Short sword       |       |       |    70 ||    70
 Fire: Shortbow          |    70 |       |   288 ||   358
Evoke: Wand              |       |       |     2 ||     2
  Use: Potion            |     2 |     8 |     3 ||    13
       Scroll            |     2 |     1 |     5 ||     8
 Stab: Sleeping          |       |     4 |     1 ||     5
       Distracted        |       |       |     1 ||     1
  Eat: Chunk             |     2 |     3 |    15 ||    20
       Ration            |       |     1 |     1 ||     2
Armor: Ring mail         |    56 |    36 |    31 ||   123
Dodge: Dodged            |    66 |    45 |    86 ||   197
